[Event "Early-Titled-Tuesday-Blitz-May-07-2024"]
[Site "Chess.com"]
[Date "2024.05.07"]
[Round "2"]
[White "Karina_Ivanova"]
[Black "LeoLV10"]
[Result "1-0"]
[WhiteElo "2236"]
[BlackElo "2470"]
[TimeControl "180+1"]
[EndTime "8:20:21 PDT"]
[Termination "Karina_Ivanova won by checkmate"]

1. Nc3 d5 2. d4 Nf6 3. Bf4 Bf5 4. e3 e6 5. Bd3 Bg6 6. Nge2 a6 7. O-O Nbd7 8. f3 c5 9. Ng3 Be7 10. Kh1 Bxd3 11.
Qxd3 cxd4 12. exd4 Rc8 13. Nce2 Nb6 14. c3 Nc4 15.
Rab1 Qa5 16. a3 Nd6 17. Bxd6 Bxd6 18. f4 g6 19. Qe3 Be7 20. Nc1 Ng4 21. Qe2 h5 22.
Nd3 Nh6 23. Ne5 h4 24. f5 gxf5 25. Nh5 Rg8 26. Rbe1 Qb6 27. Qe3 Ng4 28. Qd2 Nxe5 29. Rxe5 Rg6 30. Nf4 Rf6 31. Rfe1 Rd8 32. Qf2 Rh6 33.
Qd2 Rh7 34. Qe2 Qc6 35. Rxf5 Rd7 36. Re5 Kd8 37. Nxe6+ fxe6 38. Rxe6 Qc7 39. Qg4 Rh8 40. Qg7 Re8 41. Qf7 h3 42. gxh3 Rf8 43. Qg7 Re8 44.
Qf7 Rf8 45. Qxf8+ Bxf8 46. Re8# 1-0

[Event "Early-Titled-Tuesday-Blitz-May-07-2024"]
[Site "Chess.com"]
[Date "2024.05.07"]
[Round "2"]
[White "TigranMukhutdinov"]
[Black "schackspelaren"]
[Result "1-0"]
[WhiteElo "2697"]
[BlackElo "2376"]
[TimeControl "180+1"]
[EndTime "8:20:22 PDT"]
[Termination "TigranMukhutdinov won by resignation"]

1. e4 e6 2. d4 d5 3. Bd3 dxe4 4. Bxe4 Nf6 5. Bf3 Be7 6. Ne2 O-O 7. O-O Nbd7 8. Bf4 c5 9. dxc5 Nxc5 10. Nbc3 a6 11.
Qxd8 Rxd8 12. Rfd1 h6 13. b4 Ncd7 14. a3 e5 15. Be3 Nf8 16. Rxd8 Bxd8 17. Rd1 Be7 18. Nd5 Nxd5 19. Bxd5 a5 20. c3 axb4 21. axb4 Ne6 22.
Ng3 Nf4 23. Be4 g6 24. Bxf4 exf4 25. Ne2 g5 26. f3 Bf6 27. Rd6 Kg7 28. Rb6 Ra1+ 29.
Kf2 Ra2 30. Ke1 Bd8 31. Rb5 b6 32. Rd5 Bf6 33. Rd6 Ba6 34. Bd3 Bxd3 35. Rxd3 b5 36. Rd5 Ra3 37. Kd2 Ra2+ 38. Kd3 Ra1 39. Rxb5 Rh1 40.
h3 Rh2 41. Rc5 Rxg2 42. b5 h5 43. b6 g4 44. hxg4 hxg4 45. b7 gxf3 46. b8=Q fxe2 47. Qe8 f3 48. Rc8 Kg6 49. Qe4+ Kg7 50. Re8 Rg1 51.
Qxf3 e1=Q 52. Rxe1 Rxe1 53. Qg3+ 1-0

[Event "Early-Titled-Tuesday-Blitz-May-07-2024"]
[Site "Chess.com"]
[Date "2024.05.07"]
[Round "2"]
[White "Djager97"]
[Black "SuanTiltado"]
[Result "1-0"]
[WhiteElo "2572"]
[BlackElo "2256"]
[TimeControl "180+1"]
[EndTime "8:20:23 PDT"]
[Termination "Djager97 won by resignation"]

1. e4 c6 2. Nf3 d5 3. exd5 cxd5 4.
Ne5 Nc6 5. Bb5 Bd7 6. Nxd7 Qxd7 7. d4 e6 8. c3 Bd6 9. Nd2 a6 10. Bd3 Nf6 11. O-O O-O 12. Re1 Qc7 13. Nf3 h6 14. g3 b5 15. a3 Rab8 16. Be3 Rfe8 17. Kg2 a5 18. Qe2 b4 19. cxb4 axb4 20. a4 Ne4 21. Rec1 Rec8 22. a5 Qa7 23. a6 b3 24. Ne5 Nb4 25.
Bxe4 dxe4 26. d5 Qa8 27. Nd7 Qxd5 28. Nxb8 Rxb8 29. a7 Ra8 30. Qc4 Nd3 31. Qxd5 exd5 32. Rc6 Be5 33. Rb6 Nxb2 34. Bd4 Nc4 35. Rxb3 Bd6 36.
Rab1 Kh7 37. Rb8 Bxb8 38. axb8=Q Rxb8 39. Rxb8 Nd2 40. Rd8 Nf3 41. Rxd5 f6 42. Rd7 Kg6 43. Bc3 Ng5 44. Re7 h5 45. h4 1-0

[Event "Early-Titled-Tuesday-Blitz-May-07-2024"]
[Site "Chess.com"]
[Date "2024.05.07"]
[Round "2"]
[White "alvarorodriguezavila"]
[Black "WilsonPalencia21"]
[Result "0-1"]
[WhiteElo "2342"]
[BlackElo "2542"]
[TimeControl "180+1"]
[EndTime "8:20:23 PDT"]
[Termination "WilsonPalencia21 won by resignation"]

1. e4 c5 2. d4 cxd4 3. c3 dxc3 4.
Bc4 e6 5. Nf3 a6 6. Nxc3 b5 7.
Bb3 Bb7 8. Qe2 d6 9. O-O Nd7 10. Rd1 Ngf6 11. Bg5 h6 12. Bh4 b4 13. e5 bxc3 14.
exf6 gxf6 15. Nd4 Nc5 16. bxc3 Be7 17. Qh5 Rg8 18. Bg3 Rg6 19. Bc2 f5 20. Re1 Kf8 21.
Rad1 Rc8 22. Bxf5 exf5 23. Nxf5 Ne4 24. Nxe7 Qxe7 25. f3 Nxg3 26. hxg3 Qg5 27. Qh3 Qxg3 28. Qxg3 Rxg3 29. Rxd6 Rg6 30. Rd7 Bc6 31. Ra7 Bb5 32.
Ree7 Rf6 33. Kf2 Rxc3 34. Reb7 Ra3 35. Kg3 Ra4 36. Rb8+ Kg7 37. Rbb7 Rg6+ 38. Kh2 Rf6 39. Kg3 Rxa2 40. Rxb5 Rxg2+ 41. Kxg2 axb5 42. Ra5 Rb6 43. Ra3 b4 44. Rb3 Kf6 45. f4 Kf5 46. Kf3 h5 47.
Kg3 Ke4 48. Kh4 Kxf4 49. Kxh5 f5 0-1

[Event "Early-Titled-Tuesday-Blitz-May-07-2024"]
[Site "Chess.com"]
[Date "2024.05.07"]
[Round "2"]
[White "jlf287"]
[Black "luggevoila"]
[Result "1-0"]
[WhiteElo "2526"]
[BlackElo "2313"]
[TimeControl "180+1"]
[EndTime "8:20:23 PDT"]
[Termination "jlf287 won on time"]

1. e4 e5 2. Nf3 Nc6 3. Bc4 Nf6 4. d3 Bc5 5. O-O d6 6. c3 a5 7. Nbd2 Ba7 8. Re1 O-O 9. h3 Be6 10. Bb5 Ne7 11. Nf1 c6 12. Ba4 Ng6 13. Ng3 h6 14. d4 Qc7 15. Bb3 Rfe8 16. Be3 exd4 17. Nxd4 Bxb3 18. axb3 Nxe4 19. Nxe4 Rxe4 20. Qf3 Rae8 21. Nf5 d5 22. Red1 Bxe3 23. Nxe3 Nh4 24. Qh5 Rxe3 25. fxe3 Qg3 26. Qe2 Rxe3 27. Qf2 Nf3+ 28. Kf1 Qf4 29. Ra4 d4 30. Raxd4 Nh2+ 31. Kg1 Qe5 32. Qf4 Nf3+ 33. gxf3 Re1+ 34. Rxe1 Qxe1+ 35. Kg2 Qe2+ 36. Kg3 Qe1+ 37. Kg4 Qg1+ 38. Kh5 Qg6+ 39. Kh4 Qg2 40. Rd8+ Kh7 41. Qf5+ 1-0

[Event "Early-Titled-Tuesday-Blitz-May-07-2024"]
[Site "Chess.com"]
[Date "2024.05.07"]
[Round "2"]
[White "Thjop"]
[Black "Aygehovit1992"]
[Result "0-1"]
[WhiteElo "2579"]
[BlackElo "2853"]
[TimeControl "180+1"]
[EndTime "8:20:24 PDT"]
[Termination "Aygehovit1992 won by resignation"]

1. e4 c5 2. Nf3 e6 3. g3 Nc6 4.
Bg2 Nf6 5. d3 d6 6. O-O Be7 7.
c3 O-O 8. h3 e5 9. Re1 h6 10.
d4 exd4 11. cxd4 d5 12. exd5 Nxd5 13. Nc3 Be6 14. Nxd5 Bxd5 15. dxc5 Bxc5 16. Be3 Bb4 17. Rf1 Bc4 18. Qxd8 Rfxd8 19. Rfc1 Be6 20. a3 Be7 21.
Bd2 Bf6 22. Bc3 Bxc3 23. Rxc3 Rd6 24. Re1 Rad8 25. Kf1 a5 26. Ne5 Nxe5 27. Rxe5 Rb6 28. Rc2 a4 29. h4 Rd1+ 30. Re1 Rd3 31. Re3 Rxe3 32. fxe3 Rb3 33. Ke2 Bg4+ 34. Kf2 Bf5 35. Rd2 g5 36. hxg5 hxg5 37. Bf3 Rb6 38. Bd1 Rf6 39. Ke1 b5 40. Be2 Re6 41. Kf2 Re5 42.
Rd4 Kg7 43. Rb4 Bd7 44. Rd4 Bc6 45. Bd3 Rc5 46. Ke2 f5 47. Kd2 Kf6 48. Rd6+ Ke5 49.
Rg6 g4 50. Rg5 Be4 51. Bxe4 Kxe4 52. Rg8 Kf3 53. Rf8 Kxg3 0-1

[Event "Early-Titled-Tuesday-Blitz-May-07-2024"]
[Site "Chess.com"]
[Date "2024.05.07"]
[Round "2"]
[White "AlexanderKing"]
[Black "FXDon77"]
[Result "0-1"]
[WhiteElo "2577"]
[BlackElo "2850"]
[TimeControl "180+1"]
[EndTime "8:20:24 PDT"]
[Termination "FXDon77 won by checkmate"]

1. g3 d5 2. Nf3 Nd7 3. d4 Nb6 4. Bg2 Bf5 5. O-O h6 6. b3 e6 7.
Nbd2 Nf6 8. c4 c6 9. Bb2 Be7 10. Qc1 O-O 11. Ba3 Rc8 12. Bxe7 Qxe7 13. Qb2 Rfd8 14.
a4 a5 15. c5 Nbd7 16. Qc3 Ra8 17. Rfe1 Ne4 18. Nxe4 Bxe4 19. e3 Rdb8 20. Nd2 Bxg2 21. Kxg2 b6 22. cxb6 Rxb6 23. Rab1 c5 24. dxc5 Nxc5 25. Rec1 Nd7 26. Qc7 Rab8 27. Qa7 Qb4 28. Qxd7 Qxd2 29. Rc7 Rf8 30. Ra7 Qc2 31. Rf1 Rxb3 32. Rxa5 Rxe3 33. Ra7 Ra3 34. a5 Qc5 35. a6 Qb6 36. Qb7 Qxb7 37. Rxb7 Rxa6 38. Rc1 Rd6 39. Rcc7 e5 40. Kf3 g5 41. g4 Kg7 42. Ke3 Kg6 43. Re7 Re6 44. Red7 d4+ 45. Ke4 Rf6 46. Kxe5 Rxf2 47. Rxd4 Re8+ 48. Kd5 Rd8+ 49. Ke4 Rf4+ 50. Ke5 Rdxd4 51. Rb6+ f6+ 52. Ke6 Rfe4# 0-1

[Event "Early-Titled-Tuesday-Blitz-May-07-2024"]
[Site "Chess.com"]
[Date "2024.05.07"]
[Round "2"]
[White "gurelediz"]
[Black "Triumphmate"]
[Result "1-0"]
[WhiteElo "2943"]
[BlackElo "2418"]
[TimeControl "180+1"]
[EndTime "8:20:24 PDT"]
[Termination "gurelediz won by resignation"]

1. Nf3 d5 2. c4 e6 3. g3 Nf6 4. Bg2 Be7 5. O-O O-O 6. d4 dxc4 7. Qc2 c5 8. Rd1 Nc6 9. dxc5 Nb4 10. Qa4 Nfd5 11.
Rd2 Bxc5 12. a3 Bxf2+ 13. Kxf2 Qb6+ 14. Ke1 Na6 15. Nc3 Ne3 16. Bh1 Nc5 17. Qb4 Nb3 18.
Qxb6 axb6 19. Rb1 Nxd2 20. Bxd2 Nd5 21. Nd4 Nxc3 22. Bxc3 e5 23. Nb5 Bf5 24. Nd6 Bxb1 25. Bxb7 Rab8 26. Ba6 Ba2 27. Bxe5 Ra8 28. Bb5 Ra5 29. Bc3 Rd8 30. Nb7 Rxb5 31. Nxd8 Rc5 32. Nb7 Rc6 33. Bb4 Bb3 34. Nd6 f6 35. Kd2 g6 36.
Kc3 Kg7 37. Kd4 f5 38. e3 Kf6 39. Kd5 c3+ 40. Kxc6 cxb2 41. Bc3+ Ke6 42. Bxb2 Bd5+ 43. Kc7 b5 44. Nxb5 g5 45. a4 f4 46. exf4 gxf4 47. gxf4 1-0

[Event "Early-Titled-Tuesday-Blitz-May-07-2024"]
[Site "Chess.com"]
[Date "2024.05.07"]
[Round "2"]
[White "LLariMarc"]
[Black "Nechitaylo_Nikita"]
[Result "0-1"]
[WhiteElo "2528"]
[BlackElo "2364"]
[TimeControl "180+1"]
[EndTime "8:20:24 PDT"]
[Termination "Nechitaylo_Nikita won by resignation"]

1. d4 Nf6 2. Nf3 e6 3. Bg5 c5 4. e3 Nc6 5. Nbd2 h6 6. Bh4 Be7 7. c3 O-O 8. Bd3 d5 9. O-O Nd7 10. Bxe7 Qxe7 11. Qe2 e5 12. dxe5 Ndxe5 13. Nxe5 Nxe5 14.
h3 b6 15. Nf3 Bb7 16. Nxe5 Qxe5 17. Rfd1 Rfe8 18. Qd2 Qg5 19. Bf1 Rad8 20. a4 Re6 21.
a5 Rg6 22. e4 Qh5 23. axb6 axb6 24. Ra7 Bc6 25. Kh1 d4 26. f3 Rdd6 27. Qf2 Bxe4 28. cxd4 cxd4 29. Rxd4 Bc6 30. Rxd6 Rxd6 31. Ra1 b5 32. Re1 Kh7 33. b4 Qg5 34. Qc2+ g6 35. Qf2 Qd5 36. Be2 Qd4 37. Qg3 Qxb4 38. Rg1 Re6 39.
Bd3 Qc3 40. f4 Be4 41. Rd1 Rd6 42. Be2 Rxd1+ 43. Bxd1 Qxg3 0-1

[Event "Early-Titled-Tuesday-Blitz-May-07-2024"]
[Site "Chess.com"]
[Date "2024.05.07"]
[Round "2"]
[White "MikeSailer"]
[Black "AttilaTurzo"]
[Result "0-1"]
[WhiteElo "2121"]
[BlackElo "2456"]
[TimeControl "180+1"]
[EndTime "8:20:24 PDT"]
[Termination "AttilaTurzo won on time"]

1. d4 d5 2. Bf4 c6 3. e3 Qb6 4. b3 Bf5 5. c3 e6 6. Nf3 Nf6 7. Bd3 Bxd3 8. Qxd3 Be7 9. O-O O-O 10. Nbd2 c5 11. Ne5 Nc6 12. Ndf3 Rac8 13. Rfc1 Rfd8 14. Qe2 cxd4 15. cxd4 Ba3 16. Rc2 Nb4 17. Rxc8 Rxc8 18. Rd1 Rc2 19. Rd2 Rc1+ 20. Rd1 Nxa2 21. Rxc1 Nxc1 22. Qc2 Nxb3 23. Qc8+ Bf8 24. h3 h6 25. Bg3 Na5 26. Bh4 g5 27. Nxg5 hxg5 28. Bxg5 Nh7 29. Bh6 Nc6 30. Nd7 Qb1+ 31. Kh2 Qb4 32.
g3 a5 33. h4 a4 34. h5 a3 35. Bxf8 Nxf8 36. Nf6+ Kg7 37. Ne8+ Kh6 0-1

[Event "Early-Titled-Tuesday-Blitz-May-07-2024"]
[Site "Chess.com"]
[Date "2024.05.07"]
[Round "2"]
[White "Onischuk_V"]
[Black "Aryan_Tamadon"]
[Result "1-0"]
[WhiteElo "2822"]
[BlackElo "2566"]
[TimeControl "180+1"]
[EndTime "8:20:25 PDT"]
[Termination "Onischuk_V won by checkmate"]

1. e4 Nf6 2. Nc3 d6 3. d4 Nbd7 4.
Nf3 e5 5. g3 Be7 6. Bg2 O-O 7.
O-O exd4 8. Nxd4 Re8 9. h3 c6 10. Re1 Bf8 11. Bf4 Nb6 12. Qd3 g6 13. Rad1 Nh5 14.
Bc1 Qc7 15. g4 Ng7 16. Bf4 Ne6 17. Be3 Nc5 18. Qf1 a5 19. f4 Nbd7 20. Qf2 Nf6 21.
Bc1 Bg7 22. g5 Nh5 23. Ndb5 cxb5 24. Nxb5 Qe7 25. Nxd6 Ne6 26. Nxe8 Qxe8 27. f5 Nd4 28. Rxd4 Bxd4 29. Qxd4 Bxf5 30. Bd2 Rd8 31. Qf2 Be6 32. Bc3 b5 33. Bxa5 Ra8 34. Bc3 Qd7 35. Qf3 Rxa2 36.
Rd1 Qc8 37. Qd3 Ra8 38. Qd4 f6 39. gxf6 Kf7 40. Qd6 Qb7 41. e5 Qa7+ 42. Bd4 Qb8 43. Bxa8 Qxa8 44. Qe7+ Kg8 45. Qxe6+ Kh8 46. f7 Nf4 47. Qf6# 1-0

[Event "Early-Titled-Tuesday-Blitz-May-07-2024"]
[Site "Chess.com"]
[Date "2024.05.07"]
[Round "2"]
[White "arenal72"]
[Black "Genghis_K"]
[Result "0-1"]
[WhiteElo "2609"]
[BlackElo "2910"]
[TimeControl "180+1"]
[EndTime "8:20:27 PDT"]
[Termination "Genghis_K won by resignation"]

1. Nf3 Nf6 2. g3 g6 3. Bg2 Bg7 4. O-O O-O 5. d3 c5 6. e4 Nc6 7. Qe2 d6 8. c3 e5 9. h3 h6 10. a4 Be6 11. Nbd2 Qd7 12. Kh2 Rae8 13. Nc4 Nh7 14.
Bd2 f5 15. Nh4 fxe4 16. dxe4 g5 17. Nf5 Bxf5 18. exf5 d5 19. Ne3 e4 20. Rfd1 d4 21. Qc4+ Kh8 22. cxd4 cxd4 23. Bb4 Ne5 24. Qb3 Qf7 25. Nd5 Rg8 26. Bxe4 Nf6 27. Bg2 g4 28. Ra3 Qh5 29. Nf4 Qxf5 30. Rxd4 Nh7 31. Rd1 Ng5 32. h4 Nef3+ 33. Kh1 Ne4 34. Bxf3 Nxf2+ 35. Kg2 Nxd1 36. Bxd1 Qe4+ 37. Kg1 Bd4+ 38. Kh2 Be5 39. Qc3 Bxc3 40.
Bxc3+ Kh7 41. b4 Qf5 42. Ra2 Re4 43. Bc2 Rge8 44. Bxe4 Rxe4 45. Rd2 Rxf4 46. gxf4 Qxf4+ 47. Kg2 Qf3+ 48. Kg1 Qxc3 0-1

[Event "Early-Titled-Tuesday-Blitz-May-07-2024"]
[Site "Chess.com"]
[Date "2024.05.07"]
[Round "2"]
[White "kacperkarwowski"]
[Black "margarita_2703"]
[Result "1-0"]
[WhiteElo "2529"]
[BlackElo "2319"]
[TimeControl "180+1"]
[EndTime "8:20:28 PDT"]
[Termination "kacperkarwowski won by checkmate"]

1. d3 c5 2. e3 e6 3. Nd2 Qc7 4. Ne2 a6 5. Ng3 d5 6. Nb3 Nc6 7. Bd2 Bd6 8. Be2 Nge7 9. e4 h5 10. Nxh5 Kf8 11. Ng3 b5 12. O-O c4 13. Nc1 Bb7 14. f4 g5 15. e5 Bc5+ 16. Kh1 gxf4 17. Bxf4 Ng6 18. Bg5 Be7 19. Qd2 Ncxe5 20. d4 Ng4 21. Bxg4 Qxg3 22. Bxe7+ Kxe7 23. Bh3 Rxh3 24. gxh3 Qxh3 25. Ne2 Rh8 26. Ng1 Qg4 27. Qg2 Qxd4 28. c3 Qb6 29. Qg5+ Ke8 30. Nf3 d4 31. cxd4 Bxf3+ 32.
Rxf3 Qxd4 33. Qf6 Qxf6 34. Rxf6 Ke7 35. Rf2 f5 36. a4 Kf6 37. axb5 axb5 38. Ra5 Rb8 39.
b3 cxb3 40. Rb2 f4 41. Rxb3 b4 42. Ra4 e5 43. Raxb4 Rc8 44. Rb6+ Kf5 45. Rb2 e4 46. Kg2 Nh4+ 47. Kf2 Nf3 48. R2b5+ Ne5 49. Rh6 Rc2+ 50.
Ke1 f3 51. Rh5+ Kf4 52. Rbxe5 Ke3 53. Kd1 Rg2 54. Rh4 Rg1+ 55. Kc2 Rg2+ 56. Kc3 f2 57.
Rexe4+ Kf3 58. Rhf4# 1-0

[Event "Early-Titled-Tuesday-Blitz-May-07-2024"]
[Site "Chess.com"]
[Date "2024.05.07"]
[Round "2"]
[White "Caroexpert"]
[Black "Darko-Dimitrijevic"]
[Result "1-0"]
[WhiteElo "2679"]
[BlackElo "2277"]
[TimeControl "180+1"]
[EndTime "8:20:29 PDT"]
[Termination "Caroexpert won on time"]

1. Nf3 b6 2. g3 Bb7 3. Bg2 g6 4. O-O Bg7 5. d4 e6 6. c4 d6 7. Nc3 Ne7 8. e4 Nd7 9. Be3 O-O 10. Qd2 a6 11. a4 a5 12. h4 h5 13. Ng5 Nc6 14. f4 Nb4 15. d5 exd5 16. cxd5 Nf6 17.
Rad1 Ng4 18. Bd4 Bxd4+ 19. Qxd4 Nc2 20. Qd2 Nce3 21. Rfe1 Nxd1 22. Qxd1 Re8 23. Bf3 Qd7 24. Qd4 c5 25. Qd2 Re7 26. e5 dxe5 27. Nce4 Qxa4 28. d6 Rd7 29. Bxg4 hxg4 30. Nf6+ Kg7 31. Nxd7 Qxd7 32.
fxe5 Qc6 33. Re4 Re8 34. Qf4 Qd7 35. e6 fxe6 36. Qe5+ Kg8 37. Rf4 Bd5 38. Qf6 Qg7 39. Qxg7+ Kxg7 40. Rf7+ Kg8 41. Rc7 Rd8 42. d7 c4 43. Rc8 1-0

[Event "Early-Titled-Tuesday-Blitz-May-07-2024"]
[Site "Chess.com"]
[Date "2024.05.07"]
[Round "2"]
[White "Ati1517"]
[Black "JeFumeDesClopes"]
[Result "0-1"]
[WhiteElo "2276"]
[BlackElo "2678"]
[TimeControl "180+1"]
[EndTime "8:20:30 PDT"]
[Termination "JeFumeDesClopes won by resignation"]

1. e4 g6 2. d4 Bg7 3. Nf3 d6 4. Nc3 Nf6 5. Bg5 a6 6. Bd3 b5 7. O-O Bb7 8. e5 Nd5 9. Nxd5 Bxd5 10. exd6 cxd6 11. Re1 Nc6 12. b3 O-O 13. c3 b4 14.
cxb4 Bxf3 15. Qxf3 Nxd4 16. Qe4 Ne6 17. Bd2 d5 18. Qf3 Nd4 19. Qg3 e5 20. Rac1 e4 21.
Bf1 Ne6 22. Bc3 d4 23. Bb2 f5 24. Bc4 Qd7 25. Red1 Rfd8 26. Qe3 dxe3 27. Rxd7 exf2+ 28. Kxf2 Rxd7 29. Bxe6+ Kf8 30. Bxd7 Bxb2 31. Rc8+ Rxc8 32.
Bxc8 Bc3 33. Bxa6 Bxb4 34. Bc4 Ke7 35. Ke2 Kf6 36. g3 g5 37. h4 h6 38. hxg5+ hxg5 39. a4 Ke5 40. Ke3 f4+ 41. gxf4+ gxf4+ 42. Ke2 f3+ 43. Kf1 e3 44. Bb5 Kd4 45. Bc4 Kc3 46. Bd5 e2+ 47. Kf2 Kb2 48. Kxf3 e1=Q 49. Kg2 Qd2+ 50. Kf3 Qxd5+ 0-1

[Event "Early-Titled-Tuesday-Blitz-May-07-2024"]
[Site "Chess.com"]
[Date "2024.05.07"]
[Round "2"]
[White "yaguigor"]
[Black "Oneofmyturns"]
[Result "0-1"]
[WhiteElo "2557"]
[BlackElo "2811"]
[TimeControl "180+1"]
[EndTime "8:20:31 PDT"]
[Termination "Oneofmyturns won by resignation"]

1. e4 e5 2. Nf3 Nc6 3. Bb5 a6 4. Ba4 Nf6 5. O-O b5 6. Bb3 Bc5 7. a4 Rb8 8. c3 d6 9. d4 Bb6 10. a5 Ba7 11. h3 O-O 12. Be3 Ra8 13. Nbd2 h6 14. Re1 Re8 15. d5 Bxe3 16. Rxe3 Ne7 17. Bc2 c6 18. dxc6 Nxc6 19. b4 Be6 20. Bb3 Qe7 21.
Bxe6 Qxe6 22. Rd3 Rac8 23. Qe2 Ne7 24. Kh2 Rc6 25. Rd1 d5 26. g3 Rec8 27. exd5 Nexd5 28. Qxe5 Qxe5 29. Nxe5 Rxc3 30. Rxc3 Rxc3 31. Ne4 Nxe4 32. Rxd5 Rc2 33. Rd8+ Kh7 34. Nd3 Rd2 35. Rd5 Nxf2 36. Nf4 Rb2 37. Kg2 Nd3+ 38. Kf3 Nxf4 39. gxf4 Rb3+ 40.
Kg4 Rxb4 41. Rd6 g5 42. Rxa6 Rxf4+ 43. Kg3 Ra4 44. h4 Rxh4 45. Rb6 Rb4 46. a6 Ra4 47. Kf3 Kg7 48. Ke3 f6 49. Kd3 Kg6 50. Kc3 h5 51.
Kb3 h4 0-1

[Event "Early-Titled-Tuesday-Blitz-May-07-2024"]
[Site "Chess.com"]
[Date "2024.05.07"]
[Round "2"]
[White "EvgenyBurmakin"]
[Black "anasta10"]
[Result "1/2-1/2"]
[WhiteElo "2355"]
[BlackElo "2609"]
[TimeControl "180+1"]
[EndTime "8:20:31 PDT"]
[Termination "Game drawn by repetition"]

1. e4 g6 2. d4 Bg7 3. Nc3 d6 4. Be3 a6 5. f3 b5 6. Qd2 Bb7 7.
a3 Nd7 8. Nge2 c5 9. h4 h5 10. g3 Qc7 11. Bh3 Ngf6 12. O-O O-O 13. Kg2 Nb6 14. b3 Bc8 15. Bxc8 Rfxc8 16. Rac1 cxd4 17. Bxd4 Nbd7 18. Nd5 Nxd5 19. exd5 Bxd4 20. Nxd4 Nf6 21. c4 bxc4 22. Rxc4 Qb7 23. Nc6 e6 24. Na5 Qxd5 25.
Qc3 Rxc4 26. bxc4 Qf5 27. Nc6 Re8 28. Rd1 d5 29. Qb4 Kg7 30. Qc3 Kh7 31. Nd4 Qe5 32. Re1 Qd6 33. c5 Qe7 34. Nc6 Ne4 35. fxe4 Qc7 36.
Nb4 a5 37. Nd3 dxe4 38. Rxe4 Qc6 39. Qe5 f5 40. Nf2 fxe4 41. Nxe4 Rf8 42. Kh2 Rf5 43.
Ng5+ Rxg5 44. Qxg5 Qd5 45. Qe7+ Kg8 46. Qe8+ Kg7 47.
Qe7+ Kg8 48. Qe8+ Kg7 49. Qe7+ Kg8 1/2-1/2

[Event "Early-Titled-Tuesday-Blitz-May-07-2024"]
[Site "Chess.com"]
[Date "2024.05.07"]
[Round "2"]
[White "HanSchut"]
[Black "JosefineHeinemann"]
[Result "0-1"]
[WhiteElo "2356"]
[BlackElo "2547"]
[TimeControl "180+1"]
[EndTime "8:20:31 PDT"]
[Termination "JosefineHeinemann won by resignation"]

1. e4 c5 2. Nf3 d6 3. d4 cxd4 4.
Nxd4 Nf6 5. f3 e5 6. Bb5+ Nbd7 7.
Nf5 a6 8. Bxd7+ Qxd7 9. Bg5 d5 10. Bxf6 gxf6 11. Nc3 dxe4 12. Qxd7+ Bxd7 13. fxe4 Bxf5 14. exf5 Bb4 15. O-O-O Bxc3 16. bxc3 Ke7 17. Rd3 Rad8 18. Rhd1 Rhg8 19. g3 Rxd3 20. cxd3 Rg5 21. Rf1 h5 22. Rf3 h4 23. Kc2 Rg4 24. Kb3 Kd6 25. Re3 hxg3 26. hxg3 b5 27. a3 Kd5 28. Kc2 Rg5 29. Rf3 Rh5 30. Kb3 Rh1 31. a4 Rb1+ 32. Kc2 Rg1 33. axb5 axb5 34. Kb3 Kc5 35. Kc2 Kb6 36. Kb3 Ka5 37.
c4 b4 38. Re3 Rd1 39. Rf3 Rb1+ 40. Kc2 Ra1 41. Kb3 Ra3+ 42. Kb2 Ka4 43. g4 Rb3+ 44.
Kc2 Rc3+ 45. Kd2 Ra3 46. Rh3 Ra2+ 47. Ke3 b3 48. Rh8 b2 49. Ra8+ Kb3 50. Rb8+ Kc2 51.
c5 b1=Q 52. Rxb1 Kxb1 53. c6 Rc2 54. Ke4 Rxc6 0-1

[Event "Early-Titled-Tuesday-Blitz-May-07-2024"]
[Site "Chess.com"]
[Date "2024.05.07"]
[Round "2"]
[White "Acva-Alenok"]
[Black "Chessdreamer2020"]
[Result "1-0"]
[WhiteElo "2343"]
[BlackElo "2517"]
[TimeControl "180+1"]
[EndTime "8:20:32 PDT"]
[Termination "Acva-Alenok won by resignation"]

1. d4 d6 2. c4 e5 3. Nf3 e4 4. Ng5 f5 5. h4 Be7 6. g3 Nf6 7. Nc3 O-O 8. h5 c6 9. h6 g6 10. d5 Na6 11. b3 Ng4 12. Nh3 Bf6 13. Bb2 e3 14. f3 Qa5 15. Rc1 Nxh6 16. Nf4 Nf7 17.
a3 c5 18. Qc2 Bd7 19. Ne6 Rfe8 20. Bg2 Ne5 21. f4 Ng4 22. Kf1 Nc7 23. b4 Qb6 24. bxc5 dxc5 25. Nxc7 Qxc7 26. Nb5 Bxb5 27. cxb5 Bxb2 28.
Qxb2 b6 29. Bf3 Rad8 30. Bxg4 fxg4 31. Kg2 Rd6 32. Rcd1 Qf7 33. Qc3 Rxd5 34. Kh2 Rh5+ 35. Kg2 Qd5+ 36. Rxd5 Rxd5 37. Rc1 Rd2 38. Qc4+ Kg7 39.
Rc2 Rd1 40. Qc3+ Kg8 41. Rc1 Rd2 42. Kg1 Rxe2 43. Qc4+ Kg7 44. Qxe2 Re4 45. Qb2+ Kg8 46. Rd1 e2 47. Re1 c4 48. Rxe2 Rxe2 49. Qxe2 c3 50.
Qc4+ Kg7 51. Qxc3+ Kh6 52. Qc7 Kh5 53. Qe7 Kh6 54.
Kf2 1-0

[Event "Early-Titled-Tuesday-Blitz-May-07-2024"]
[Site "Chess.com"]
[Date "2024.05.07"]
[Round "2"]
[White "Mops_2004"]
[Black "ChainedDowntohell"]
[Result "0-1"]
[WhiteElo "2824"]
[BlackElo "2586"]
[TimeControl "180+1"]
[EndTime "8:20:33 PDT"]
[Termination "ChainedDowntohell won by checkmate"]

1. g3 d5 2. Nf3 Nc6 3. d4 Bg4 4. Bg2 Qd7 5. O-O O-O-O 6. Ne5 Nxe5 7. dxe5 Bh3 8. Bxh3 Qxh3 9. Qd4 Kb8 10. Be3 b6 11. a4 Nh6 12. Bxh6 gxh6 13. a5 Rg8 14. axb6 cxb6 15. Nc3 Qg4 16. Qd3 Qc4 17. Qxh7 Bg7 18. Qf5 d4 19. Nb1 h5 20. Na3 Qd5 21. Qxh5 Rh8 22.
Qf3 Bxe5 23. Qxd5 Rxd5 24. Nc4 Bf6 25. Rac1 Rdh5 26. h4 Rg8 27. Kg2 Rxh4 28. Nd2 Rh5 29. Ne4 Be5 30. c3 dxc3 31. bxc3 Rgh8 32. c4 Kb7 33. c5 b5 34. c6+ Kb6 35. Rfd1 Rh2+ 36. Kf3 R8h6 37. Nc5 Bd6 38. c7 Bxc7 39. Rd7 Bd6 40. Ne4 b4 41. Rc8 Kb5 42. Rb7+ Ka4 43. Rxa7+ Kb3 44. Rb7 Re6 45. Rc6 f5 46. Nc5+ Bxc5 47.
Rxe6 Rxf2# 0-1

[Event "Early-Titled-Tuesday-Blitz-May-07-2024"]
[Site "Chess.com"]
[Date "2024.05.07"]
[Round "2"]
[White "Zurability"]
[Black "Payyappat"]
[Result "1-0"]
[WhiteElo "2741"]
[BlackElo "2505"]
[TimeControl "180+1"]
[EndTime "8:20:33 PDT"]
[Termination "Zurability won on time"]

1. e4 c6 2. Nf3 d5 3. d3 dxe4 4. dxe4 Qxd1+ 5. Kxd1 Bg4 6. Be2 Nd7 7. Nfd2 Bxe2+ 8.
Kxe2 O-O-O 9. Nc4 e5 10. Be3 Kc7 11. a4 Ngf6 12. f3 b6 13. Rd1 Be7 14. Nbd2 Rhe8 15. c3 Bc5 16. b4 Bxe3 17. Nxe3 c5 18. Ndc4 Re6 19. Nf5 Rc6 20. b5 Re6 21. Nxg7 Re7 22. Nf5 Ree8 23. a5 Ra8 24. Ncd6 Rf8 25. axb6+ axb6 26. Rxa8 Rxa8 27. Nxf7 Nh5 28. g3 c4 29. N7d6 Ra4 30. Ne8+ Kc8 31. Nfg7 Kd8 32. Nxh5 Kxe8 33. Ng7+ Kd8 34. f4 Kc8 35. Nf5 Kc7 36. Ne7 exf4 37.
gxf4 Nc5 38. Ke3 Ra2 39. Nd5+ Kb7 40. Rg1 Rxh2 41. Rg7+ Kb8 42. f5 Rh4 43. Nf4 Rh1 44. f6 Re1+ 45. Ne2 Rf1 46. e5 Kc8 47. Nd4 Kd8 48.
Nc6+ Ke8 49. Re7+ Kf8 50. Rxh7 Rf5 51. Kd4 1-0

[Event "Early-Titled-Tuesday-Blitz-May-07-2024"]
[Site "Chess.com"]
[Date "2024.05.07"]
[Round "2"]
[White "Shiner22"]
[Black "cthulhuuu"]
[Result "0-1"]
[WhiteElo "2269"]
[BlackElo "2503"]
[TimeControl "180+1"]
[EndTime "8:20:33 PDT"]
[Termination "cthulhuuu won on time"]

1. e4 d6 2. d4 Nf6 3. Nc3 c6 4. a4 e5 5. Nge2 Be7 6. h3 O-O 7. g4 Re8 8. Bg2 a5 9. O-O Nbd7 10. Be3 exd4 11. Nxd4 Nc5 12. g5 Nfd7 13. f4 Nb6 14.
b3 d5 15. e5 Ne6 16. Nxe6 fxe6 17. Qd2 c5 18. Nb5 Bd7 19. Nd6 Bxd6 20. exd6 Rc8 21. Qxa5 d4 22. Bf2 Bc6 23. Bh4 Bxg2 24. Kxg2 Qxd6 25. Rae1 Nd5 26. Qd2 Rf8 27. Bg3 Rf5 28.
Re5 Rcf8 29. Rfe1 Nxf4+ 30. Bxf4 Rxf4 31. Rxe6 Qd5+ 32. Kg1 Qxg5+ 33. Qg2 Qxg2+ 34. Kxg2 Rf2+ 35. Kg3 Rxc2 36. Rb6 Rc3+ 37. Kg4 d3 38. Rxb7 d2 39.
Rd1 Rd8 40. Ra7 Rc1 0-1